Map: Newkirk Precinct TE (Void)

Players

Thunderstrck - Winner!

  • Race: Terran Terran
  • League: Master
  • Spawn Location: 5:00

Zaratul

  • Race: Terran Terran
  • League: Diamond
  • Spawn Location: 7:00

VOD

Have the link to the VOD?

Description

Time

  • Played on: Jan. 10, 2017, 5:06 p.m.
  • Length: 5:11
Show
View Real Time Build Order
Export as new Build Order

Thunderstrck Terran - Winner!

Build Orders: 1/1/1, Cyclone Opening 

Get SALT Encoding   

  12  0:00  SCV  
  13  0:12  SCV  
  14  0:18  Supply Depot  
  14  0:25  SCV  
  15  0:29  Refinery  
  15  0:40  SCV  
  16  0:46  Barracks  
  16  0:52  SCV  
  16  0:56  Refinery  
  17  1:04  SCV  
  18  1:16  SCV  
  19  1:32  Orbital Command  
  19  1:33  Reaper  
  19  1:37  Factory  
  20  1:50  Supply Depot  
  20  1:58  SCV  
  21  2:05  Reaper  
  22  2:11  SCV  
  23  2:21  Cyclone  
  26  2:23  Starport  
  26  2:27  Supply Depot  
  26  2:31  SCV  
  27  2:38  Barracks Tech Lab  
  27  2:48  SCV  
  28  2:58  Widow Mine  
  28  3:01  SCV  
  31  3:06  Raven  
  33  3:13  SCV  
  33  3:42  SCV  
  33  3:43  Command Center  
  33  3:54  SCV  
Show
View Real Time Build Order
Export as new Build Order

Zaratul Terran 

Build Orders: Cyclone Opening 

Get SALT Encoding   

  12  0:01  SCV  
  13  0:13  SCV  
  14  0:19  Supply Depot  
  14  0:25  SCV  
  15  0:33  Refinery  
  15  0:41  SCV  
  16  0:49  Barracks  
  16  0:53  SCV  
  17  1:05  SCV  
  18  1:12  Refinery  
  18  1:17  SCV  
  19  1:37  Orbital Command  
  19  1:40  Reaper  
  19  1:46  Factory  
  20  1:55  Supply Depot  
  20  2:03  SCV  
  21  2:12  Barracks Tech Lab  
  21  2:15  SCV  
  22  2:28  SCV  
  23  2:37  Command Center  
  23  2:40  SCV  
  24  2:47  Cyclone  
  24  2:49  Marine  
  27  2:52  SCV  
  28  3:01  Starport  
  28  3:04  SCV  
  29  3:10  Supply Depot  
  29  3:14  Barracks Tech Lab  
  29  3:23  Liberator  
  28  3:33  Siege Tank  
  30  3:34  Marine  
Tags
 
Add a new tag
Caveats
  • Supply blocks, unpowered buildings, or Contaminate may cause inaccurate times.
  • Supply counts are checked every 10 seconds.